 Dungeon Crawl Stone Soup version 0.23.2-33-g5129a83184 (webtiles) character file.

Game seed: 18220167267496924645

94 FishyPogo the Magician (level 4, -1/33 HPs)
             Began as a Mummy Wizard on Aug 4, 2019.
             Slain by an orc wizard
             ... wielding a +0 dagger
              (2 damage)
             ... on level 2 of the Dungeon.
             The game lasted 00:15:12 (2186 turns).

FishyPogo the Magician (Mummy Wizard)               Turns: 2186, Time: 00:15:12

Health: -1/33      AC:  2    Str: 10    XL:     4   Next: 38%
Magic:  1/11       EV: 12    Int: 17    God:
Gold:   84         SH:  0    Dex: 11    Spells: 6/13 levels left

rFire    x . .     SeeInvis .   c - +0 dagger
rCold    + . .     Gourm    .   (no shield)
rNeg     + + +     Faith    .   a - +0 robe
rPois    ∞         Spirit   .   b - +0 hat
rElec    .         Reflect  .   (no cloak)
rCorr    .         Harm     .   (no gloves)
MR       .....                  (no boots)
Stlth    ++........             (no amulet)
HPRegen  0.11/turn              (no ring)
MPRegen  0.12/turn              (no ring)

@: no status effects
A: no food or potions, fire vulnerability, cold resistance 1, negative energy
resistance 3, torment resistance, unbreathing
a: no special abilities


You were on level 2 of the Dungeon.
You were not hungry.

You visited 1 branch of the dungeon, and saw 3 of its levels.

You collected 84 gold pieces.

Inventory:

Hand Weapons
 c - a +0 dagger (weapon)
Armour
 a - a +0 robe (worn)
 b - a +0 hat (worn)
Jewellery
 l - an uncursed amulet of guardian spirit {unknown}
Wands
 j - a wand of random effects (9)
Scrolls
 d - 2 scrolls of teleportation {unknown}
 e - a scroll of fog {unknown}
 f - a scroll of amnesia {unknown}
 g - a scroll of magic mapping {unknown}
 h - a scroll of remove curse {unknown}
 i - 3 scrolls of identify {unknown}
 k - a scroll of fear {unknown}
 m - a scroll of enchant armour {unknown}


   Skills:
 * Level 1.7 Fighting
 + Level 2.0 Dodging
 + Level 2.2 Stealth
 * Level 5.0 Spellcasting
 + Level 1.4 Conjurations
 - Level 0.7 Summonings
 - Level 0.7 Translocations


You had 6 spell levels left.
You knew the following spells:

 Your Spells              Type           Power        Failure   Level  Hunger
a - Magic Dart            Conj           #...         8%          1    N/A
b - Call Imp              Summ           #.......     16%         2    N/A
c - Slow                  Hex            #.......     22%         2    N/A
d - Blink                 Tloc           N/A          16%         2    N/A

Your spell library contained the following spells:

 Spells                   Type           Power        Failure   Level  Hunger
 Conjure Flame            Conj/Fire      #.......     32%         3    N/A
 Mephitic Cloud           Conj/Pois/Air  #.......     34%         3    N/A

Dungeon Overview and Level Annotations

Branches:
Dungeon (3/15)

Altars:
Sif Muna
Xom


Innate Abilities, Weirdness & Mutations

You do not eat or drink.
Your flesh is vulnerable to fire.
You are immune to poison.
Your flesh is cold resistant. (rC+)
You are immune to negative energy. (rN+++)
You are immune to unholy pain and torment.
You can survive without breathing.


Message History

The orc wizard is severely wounded.
The orc wizard hits you with a +0 dagger.
* * * LOW HITPOINT WARNING * * *
Casting: Magic Dart (safe; 8% risk of failure)
Confirm with . or Enter, or press ? or * to list all spells.
Aiming: Magic Dart (safe; 8% risk of failure)
Press: ? - help, Shift-Dir - straight line, f - orc wizard
Aim: an orc wizard, wielding a +0 dagger and wearing a +0 robe (severely wounded)
The magic dart hits the orc wizard.
The orc wizard is severely wounded.
The orc wizard closely misses you.
Casting: Magic Dart (safe; 8% risk of failure)
Confirm with . or Enter, or press ? or * to list all spells.
Aiming: Magic Dart (safe; 8% risk of failure)
Press: ? - help, Shift-Dir - straight line, f/p - orc wizard
Aim: an orc wizard, wielding a +0 dagger and wearing a +0 robe (severely wounded)
The magic dart hits the orc wizard.
The orc wizard is almost dead.
The orc wizard hits you with a +0 dagger.
You die...

##### #...# #######
##########.#.# #.....#
###..........#.# ######.###.#
.............#.# #......# #)#
.............#.###.########.#
.............#..............#
...##....###.######.#########
...+.....'.(...o@...#
...##....###.#.######
...##....# #.#.#########
...##....# #...........#
...##....# ###.#######.#
########## #....^..#.#
.......# #..###....# ######.#
#..# ###### ...# #.## #..#


You could see an orc wizard.

Vanquished Creatures
  2 dart slugs (D:1)
  2 leopard geckos (D:1)
  A giant cockroach (D:2)
  3 goblins (D:1)
  3 hobgoblins
  2 jackals (D:2)
  6 bats
  5 frilled lizards
  9 kobolds
  5 rats
38 creatures vanquished.

Vanquished Creatures (collateral kills)
  4 adders
  An ooze (D:2)
  A worm (D:3)
  6 orcs
  A bat (D:2)
  A giant cockroach (D:3)
  2 goblins
  2 hobgoblins
  9 jackals
  A quokka (D:3)
  A rat (D:3)
29 creatures vanquished.

Grand Total: 67 creatures vanquished

Notes
Turn   | Place    | Note
-------+----------+-------------------------------------------
     0 | D:1      | FishyPogo the Mummy Wizard began the quest for the Orb.
     0 | D:1      | Reached XP level 1. HP: 13/13 MP: 5/5
   283 | D:1      | Reached XP level 2. HP: 19/20 MP: 0/7
   379 | D:1      | Reached skill level 1 in Conjurations
   644 | D:1      | Reached skill level 1 in Fighting
   719 | D:1      | Reached XP level 3. HP: 24/26 MP: 4/8
   744 | D:1      | Learned a level 2 spell: Call Imp
   748 | D:1      | Learned a level 2 spell: Slow
   751 | D:1      | Learned a level 2 spell: Blink
  1241 | D:2      | Found a shimmering altar of Xom.
  1357 | D:2      | Found a faded altar of an unknown god.
  1778 | D:3      | Reached XP level 4. HP: 25/32 MP: 1/10
  1868 | D:3      | Found a deep blue altar of Sif Muna.
  2170 | D:3      | Reached skill level 5 in Spellcasting
  2184 | D:2      | HP: 1/33 [orc wizard/+0 dagger (4)]
  2186 | D:2      | Slain by an orc wizard

Skill      XL: |  1  2  3  4 |
---------------+-------------+-----
Conjurations   | 1 |  1.4
Fighting       | 1 |  1.7
Stealth        | 2 |  2.2
Dodging        | 2 |  2.0
Spellcasting   | 5 |  5.0
Summonings     | |  0.7
Translocations | |  0.7

Action                   |  1- 3 |  4- 6 || total
-------------------------+-------+-------++-------
Melee: Unarmed           |    17 |       ||    17
       Dagger            |    65 |    26 ||    91
 Cast: Magic Dart        |    51 |    13 ||    64
       Call Imp          |    19 |     9 ||    28
       Blink             |     1 |       ||     1
 Stab: Sleeping          |     2 |       ||     2
Armor: Robe              |    21 |     5 ||    26
Dodge: Dodged            |    89 |    21 ||   110
